 Dungeon Crawl Stone Soup version 0.15.1-4-gac8487e (webtiles) character file.

7089 Johnny the Ducker (level 10, -2/82 HPs)
             Began as a Demigod Ice Elementalist on Oct 14, 2014.
             Slain by an unseen horror (9 damage)
             ... on Level 10 of the Dungeon.
             The game lasted 00:22:22 (10167 turns).

Johnny the Ducker (Demigod Ice Elementalist)       Turns: 10167, Time: 00:22:22

HP  -2/82        AC  8     Str 13      XL: 10   Next: 54%
MP  13/26        EV 16     Int 24      God:
Gold 390         SH  0     Dex 17      Spells:  2 memorised, 15 levels left

rFire  . . .     SeeInvis .     E - +9 quarterstaff of the Four Planets {freeze, rC+ MR+}
rCold  + . .     Clarity  .     M - +1 ring mail {rN+}
rNeg   + . .     rCorr    .     (no shield)
rPois  .         rRot     .     (no helmet)
rElec  .         Spirit   .     (no cloak)
SustAb .         Warding  .     (no gloves)
rMut   .         Stasis   .     g - +0 pair of boots
Gourm  +                        F - amulet of the gourmand
MR     +++..                    d - +4 ring of evasion
                                A - ring of protection from magic

@: extremely resistant to hostile enchantments, unstealthy
A: no striking features
a: no special abilities


You were on level 10 of the Dungeon.
You were not hungry.

You visited 1 branch of the dungeon, and saw 10 of its levels.

You collected 390 gold pieces.

Inventory:

Hand weapons
 E - the +9 quarterstaff of the Four Planets (weapon) {freeze, rC+ MR+}
   (You found it on level 5 of the Dungeon)

   It has been specially enchanted to freeze those struck by it, causing extra
   injury to most foes and up to double damage against particularly susceptible
   opponents.
   It can also slow down cold-blooded creatures.
   It protects you from cold.
   It affects your resistance to hostile enchantments.
 I - a +0 mace of protection
Armour
 g - a +0 pair of boots (worn)
 M - a +1 ring mail of positive energy (worn)
Magical devices
 q - a wand of slowing (9)
 r - a wand of frost (14)
 w - a wand of fireball (3)
 z - a wand of draining (0)
 H - a wand of slowing (14)
 O - a wand of teleportation (1)
Comestibles
 c - 11 fruits
 t - 3 meat rations
 v - 4 bread rations
 C - 7 royal jellies
 D - a slice of pizza
 G - 4 beef jerkies
Scrolls
 h - 2 scrolls of brand weapon {unknown}
 i - a scroll of amnesia
 j - 3 scrolls of recharging
 k - 2 scrolls of teleportation
 n - 3 scrolls of magic mapping
 p - 2 scrolls of blinking
 y - 3 scrolls of enchant weapon
 K - a scroll of remove curse
 L - 3 scrolls of fog
Jewellery
 a - an uncursed ring of poison resistance
 d - a +4 ring of evasion (right hand)
 A - a ring of protection from magic (left hand)
 F - an amulet of the gourmand (around neck)
 J - an uncursed ring of protection from cold {unknown}
Potions
 e - a potion of agility
 f - a potion of cure mutation {unknown}
 l - 2 potions of curing
 m - a potion of brilliance
 o - 2 potions of invisibility
 u - 2 potions of poison
 B - a potion of degeneration {unknown}
 N - a potion of beneficial mutation {unknown}
 P - 3 potions of porridge
Books
 b - a book of Frost

   Spells                             Type                      Level
   *Freeze                            Ice                          1
   Throw Frost                        Conjuration/Ice              2
   Ozocubu's Armour                   Charms/Ice                   3
   Throw Icicle                       Conjuration/Ice              4
   *Summon Ice Beast                  Ice/Summoning                4
   Condensation Shield                Ice                          4
Miscellaneous
 Q - a stone of tremors


   Skills:
 * Level 5.6 Fighting
 * Level 5.1 Staves
 + Level 4.0 Armour
 * Level 6.5 Dodging
 + Level 4.9 Stealth
 * Level 5.7 Spellcasting
   Level 0.8 Conjurations
 * Level 5.3 Summonings
 * Level 6.2 Ice Magic


You had 15 spell levels left.
You knew the following spells:

 Your Spells              Type           Power        Failure   Level  Hunger
a - Freeze                Ice            ####         1%          1    None
b - Summon Ice Beast      Ice/Summ       ####....     12%         4    ###....


Dungeon Overview and Level Annotations

Branches:
Dungeon (10/15)            Temple (0/1) D:6             Orc (0/4) D:10
   Lair: D:8-11

Shops:
D:5 (


Message History

The ice beast hits your ice beast. The ice beast freezes your ice beast.
Your ice beast completely resists.
Your ice beast hits the ice beast but does no damage.
Unknown command.
Something hits you.
* * * LOW HITPOINT WARNING * * *
Something hits your ice beast but does no damage.
The orc warrior hits your ice beast with a hand axe!!
Something hits your ice beast.
The orc warrior hits your ice beast with a short sword!
Unknown command.
Something barely misses you.
Your ice beast closely misses the orc warrior.
The orc warrior hits your ice beast with a hand axe!
Your ice beast dies!
Something hits your ice beast.
The orc warrior completely misses your ice beast.
Unknown command.
Something hits you!
You die...

#..## ... #.# #..# .>.. ##
... ##.## ...[. ...
#.(.#####.l.####.$.....
..###.#...%.....oo)).....$.
..............Y.oh%../.$...
#.#..#######..Y###.......
##....# #..## ######.
###.(.#.########@.######
......)..<.).............
#...##..#########....### ..
##.# ###.# .. #.## ...
...####..####### ##
................
...####)#.###### .. #.#...


You could see 2 orc warriors, an ice beast, an orc, a giant gecko and a friendly
ice beast.

Vanquished Creatures
  An unseen horror (D:9)
  Erolcha (D:9)
  Pikel (D:8)
  A gargoyle (D:8)
  A deep elf mage (D:9)
  4 hippogriffs
  The ghost of Johnny the Chiller, an average DgIE (D:3)
  Edmund (D:5)
  A water moccasin (D:7)
  A sky beast (D:9)
  4 ice beasts
  A yellow wasp (D:9)
  An ogre (D:5)
  2 phantoms
  A centaur (D:8)
  A boring beetle (D:9)
  Duvessa (D:8)
  3 giant frogs
  A big kobold (D:9)
  7 jellies
  2 scorpions (D:6)
  A killer bee (D:8)
  4 wights (D:9)
  Dowan (D:8)
  4 crimson imps
  A vampire bat (D:6)
  2 centaur zombies (D:5)
  A giant frog zombie (D:6)
  3 goliath beetles
  2 black bear zombies (D:5)
  6 orc priests
  4 orc wizards
  10 hounds
  A centaur skeleton (D:5)
  3 iguanas
  10 worker ants
  Jessica (D:3)
  4 gnolls (D:7)
  4 adders
  An inept item mimic (D:3)
  2 worms (D:2)
  An orc zombie (D:8)
  An orc skeleton (D:7)
  3 giant geckos
  2 oozes
  21 orcs
  3 ball pythons
  3 bat skeletons (D:6)
  4 bat zombies (D:6)
  4 giant cockroaches
  20 hobgoblins
  3 jackals (D:4)
  23 kobolds
  4 quokkas
  10 bats
  A giant newt (D:7)
  13 goblins
  A hobgoblin zombie (D:6)
  12 rats
  A plant (D:5)
232 creatures vanquished.

Vanquished Creatures (collateral kills)
  Joseph (D:9)
  A troll (D:9)
  2 sky beasts
  2 ogres
  Blork the orc (D:9)
  2 killer bees (D:8)
  2 goliath beetles (D:9)
  A hound (D:9)
  A quasit (D:8)
  6 orc wizards
  A worker ant (D:9)
  A giant gecko (D:9)
  5 orcs
26 creatures vanquished.

Vanquished Creatures (others)
  A deep elf mage (D:9)
  A slave (D:8)
  2 giant frogs
  14 ice beasts
18 creatures vanquished.

Grand Total: 276 creatures vanquished

Notes
Turn   | Place    | Note
--------------------------------------------------------------
     0 | D:1      | Johnny, the Demigod Ice Elementalist, began the quest for the Orb.
     0 | D:1      | Reached XP level 1. HP: 14/14 MP: 3/3
   209 | D:1      | Reached XP level 2. HP: 2/22 MP: 2/4
   922 | D:1      | Reached skill level 1 in Fighting
  1098 | D:2      | Reached XP level 3. HP: 28/28 MP: 8/8
  1619 | D:2      | Reached skill level 3 in Ice Magic
  1745 | D:3      | Found a bloodstained altar of Trog.
  1819 | D:3      | Reached XP level 4. HP: 32/35 MP: 6/11
  1825 | D:3      | Learned a level 4 spell: Summon Ice Beast
  1869 | D:3      | Noticed Johnny's ghost (average DgIE)
  1882 | D:3      | Killed Johnny's ghost
  1882 | D:3      | Reached skill level 1 in Armour
  1882 | D:3      | Reached skill level 1 in Summonings
  1882 | D:3      | Reached XP level 5. HP: 23/41 MP: 2/12
  2113 | D:3      | Noticed Jessica
  2118 | D:3      | Killed Jessica
  2132 | D:3      | Found a glowing golden altar of the Shining One.
  2310 | D:3      | Found a burning altar of Makhleb.
  2465 | D:4      | Found a shadowy altar of Dithmenos.
  2524 | D:5      | Entered Level 5 of the Dungeon
  2629 | D:4      | Reached XP level 6. HP: 30/48 MP: 9/15
  2919 | D:4      | Found a glowing golden altar of the Shining One.
  3214 | D:5      | Got a fine quarterstaff
  3229 | D:5      | Identified the +9 quarterstaff of the Four Planets {freeze, rC+ MR+} (You found it on level 5 of the Dungeon)
  3723 | D:5      | Noticed Edmund
  3726 | D:5      | Noticed an ice beast
  3734 | D:5      | Killed Edmund
  3734 | D:5      | Reached XP level 7. HP: 41/56 MP: 4/19
  3739 | D:5      | Killed an ice beast
  3739 | D:5      | Reached skill level 1 in Staves
  3980 | D:5      | Reached skill level 4 in Ice Magic
  4041 | D:5      | Found Mnim's Antique Weapon Shoppe.
  4044 | D:5      | Noticed an ogre
  4050 | D:5      | Killed an ogre
  4341 | D:5      | Reached XP level 8. HP: 36/63 MP: 7/20
  4745 | D:6      | Found a white marble altar of Elyvilon.
  5105 | D:6      | Found a staircase to the Ecumenical Temple.
  5316 | D:6      | Found an ancient bone altar of Kikubaaqudgha.
  6058 | D:7      | Reached skill level 5 in Dodging
  6156 | D:7      | Reached XP level 9. HP: 58/71 MP: 23/23
  6300 | D:7      | Reached skill level 5 in Ice Magic
  6844 | D:8      | Noticed a gargoyle
  6854 | D:8      | Killed a gargoyle
  6894 | D:8      | Noticed Duvessa
  6899 | D:8      | Noticed Dowan
  6901 | D:8      | Killed Duvessa
  6903 | D:8      | Killed Dowan
  7032 | D:8      | Noticed Pikel
  7045 | D:8      | Killed Pikel
  7290 | D:8      | Reached skill level 5 in Spellcasting
  8066 | D:9      | Found a snail-covered altar of Cheibriados.
  8108 | D:9      | Found a shattered altar of Ashenzari.
  8135 | D:9      | Reached XP level 10. HP: 26/80 MP: 25/25
  8384 | D:9      | Noticed Blork the orc
  8386 | D:9      | Noticed Joseph
  8390 | D:9      | Killed Blork the orc
  8400 | D:9      | Killed Joseph
  8400 | D:9      | Reached skill level 5 in Fighting
  8870 | D:9      | Noticed Erolcha
  8965 | D:9      | Reached skill level 6 in Dodging
  9041 | D:9      | Killed an unseen horror
  9041 | D:9      | Reached skill level 5 in Summonings
  9730 | D:9      | Killed Erolcha
  9730 | D:9      | Reached skill level 5 in Staves
  9740 | D:9      | Found a glowing silver altar of Zin.
 10092 | D:10     | Entered Level 10 of the Dungeon
 10147 | D:10     | Found a staircase to the Orcish Mines.
 10167 | D:10     | Slain by an unseen horror

Action                   |  1- 3 |  4- 6 |  7- 9 | 10-12 || total
-------------------------+-------+-------+-------+-------++-------
Melee: Spear             |   235 |   199 |       |       ||   434
       Unarmed           |     4 |       |       |       ||     4
       Quarterstaff      |       |    12 |   328 |   102 ||   442
 Cast: Freeze            |    13 |    65 |    44 |       ||   122
       Summon Ice Beast  |       |     1 |    19 |    29 ||    49
Evoke: Wand              |       |     2 |     8 |     5 ||    15
  Use: Scroll            |     4 |     2 |    14 |     6 ||    26
       Potion            |       |       |       |     3 ||     3
 Stab: Sleeping          |     6 |     2 |     9 |     5 ||    22
       Distracted        |       |     1 |     2 |       ||     3
  Eat: Chunk             |     1 |     3 |    27 |     6 ||    37
       Bread ration      |     1 |       |       |       ||     1
